[ AOE2 MATCH · #506241437 ]
UnrankedEthiopians vs Persians
Player's team · WIN
Rival team · LOSS
[ REPLAY ANALYSIS · EXTRACTED FROM THE RECORDED GAME ]
Feudal
13:56
Castle
25:54
Imperial
—
| APM avg | 45.4 |
| APM peak | 81 |
| eAPM avg | 18.4 |
| Villagers / military | 69 / 24 |
Focus
⚔️ 20.8% · 🌾 79.2%
Archer ×15 · Spearman ×5 · Mangonel ×3 · Battering Ram ×1
Feudal
26:57
Castle
—
Imperial
—
| APM avg | 25.8 |
| APM peak | 68 |
| eAPM avg | 14.4 |
| Villagers / military | 74 / 17 |
Focus
⚔️ 27.1% · 🌾 72.9%
Scout Cavalry ×15 · Militia ×2
Match map
Initial resources + every placement click. Lines = walls · curves = elevation contours. ◆ gold · ⬟ stone · ● berries · ✦ relic · ◌ wall gap
Your base· Open — 1t gap
RockYaFace's base· Open — 3t gap
Smoothed initial terrain · ◌ = detected wall gap · hover for details
Inputs per minute
— Windows97 - - RockYaFace
Build order — Windows97
First 150 of 153 actions detected
| 0:01 | Queue | Villager (Male) |
| 0:01 | Queue | Villager (Male) |
| 0:02 | Build | House |
| 0:03 | Build | House |
| 0:17 | Queue | Villager (Male) |
| 0:18 | Queue | Villager (Male) |
| 0:18 | Queue | Villager (Male) |
| 1:24 | Queue | Villager (Male) |
| 1:46 | Build | Lumber Camp |
| 1:50 | Queue | Villager (Male) |
| 1:50 | Queue | Villager (Male) |
| 2:23 | Queue | Villager (Male) |
| 2:23 | Queue | Villager (Male) |
| 2:51 | Queue | Villager (Male) |
| 2:52 | Queue | Villager (Male) |
| 2:55 | Queue | Villager (Male) |
| 3:53 | Queue | Villager (Male) |
| 3:53 | Queue | Villager (Male) |
| 4:18 | Queue | Villager (Male) |
| 4:19 | Queue | Villager (Male) |
| 4:22 | Build | House |
| 4:38 | Queue | Villager (Male) |
| 4:39 | Queue | Villager (Male) |
| 4:52 | Build | House |
| 5:16 | Queue | Villager (Male) |
| 5:50 | Queue | Villager (Male) |
| 5:50 | Queue | Villager (Male) |
| 5:51 | Queue | Villager (Male) |
| 5:51 | Queue | Villager (Male) |
| 5:51 | Queue | Villager (Male) |
| 6:21 | Queue | Villager (Male) |
| 6:24 | Build | Lumber Camp |
| 6:43 | Queue | Villager (Male) |
| 7:23 | Queue | Villager (Male) |
| 7:44 | Build | Palisade Wall |
| 7:49 | Build | Palisade Wall |
| 7:54 | Build | Palisade Wall |
| 7:55 | Build | Palisade Wall |
| 7:56 | Build | Palisade Wall |
| 8:01 | Build | Palisade Wall |
| 8:07 | Build | Lumber Camp |
| 8:38 | Queue | Villager (Male) |
| 8:50 | Build | Mill |
| 9:00 | Queue | Villager (Male) |
| 10:00 | Research | Loom |
| 10:12 | Build | Barracks |
| 10:47 | Build | Town Center |
| 11:46 | Research | Feudal Age |
| 11:47 | Queue | Villager (Male) |
| 11:48 | Queue | Villager (Male) |
| 12:00 | Queue | Villager (Male) |
| 12:55 | Build | House |
| 13:07 | Build | House |
| 13:08 | Build | House |
| 13:49 | Queue | Villager (Male) |
| 13:56 | Age | Feudal Age |
| 13:56 | Queue | Villager (Male) |
| 14:25 | Queue | Villager (Male) |
| 14:44 | Build | Archery Range |
| 14:51 | Queue | Villager (Male) |
| 15:04 | Queue | Villager (Male) |
| 15:10 | Build | House |
| 15:12 | Build | House |
| 15:25 | Build | House |
| 15:27 | Build | House |
| 15:41 | Queue | Archer |
| 15:50 | Queue | Villager (Male) |
| 15:58 | Queue | Villager (Male) |
| 16:00 | Build | Mining Camp |
| 16:07 | Queue | Archer |
| 16:23 | Queue | Archer |
| 16:26 | Queue | Villager (Male) |
| 16:33 | Build | House |
| 16:34 | Build | House |
| 16:51 | Queue | Archer |
| 16:56 | Queue | Villager (Male) |
| 17:02 | Queue | Villager (Male) |
| 17:27 | Queue | Villager (Male) |
| 17:28 | Queue | Archer |
| 17:53 | Research | Wheelbarrow |
| 19:32 | Build | Town Center |
| 20:47 | Build | House |
| 20:59 | Queue | Villager (Male) |
| 20:59 | Queue | Villager (Male) |
| 21:03 | Build | House |
| 21:04 | Build | House |
| 21:19 | Queue | Archer |
| 21:20 | Queue | Villager (Male) |
| 21:26 | Build | House |
| 21:27 | Build | House |
| 21:33 | Build | Watch Tower |
| 21:38 | Queue | Villager (Male) |
| 21:47 | Research | Gold Mining |
| 21:47 | Research | Stone Mining |
| 21:49 | Queue | Villager (Male) |
| 21:52 | Research | Double-Bit Axe |
| 21:52 | Research | Double-Bit Axe |
| 22:07 | Build | Blacksmith |
| 22:16 | Build | Lumber Camp |
| 22:17 | Queue | Villager (Male) |
| 23:03 | Build | Mill |
| 23:14 | Research | Castle Age |
| 23:14 | Research | Castle Age |
| 23:19 | Queue | Archer ×5 |
| 23:37 | Build | Watch Tower |
| 23:41 | Build | Farm |
| 23:45 | Build | Farm |
| 23:52 | Build | Mill |
| 24:19 | Build | House |
| 24:35 | Build | Mill |
| 24:50 | Research | Fletching |
| 25:13 | Queue | Villager (Male) |
| 25:27 | Queue | Villager (Male) |
| 25:41 | Queue | Archer |
| 25:41 | Queue | Archer |
| 25:54 | Age | Castle Age |
| 25:56 | Build | Siege Workshop |
| 25:58 | Queue | Villager (Male) |
| 26:19 | Queue | Villager (Male) |
| 26:25 | Research | Double-Bit Axe |
| 27:00 | Queue | Battering Ram |
| 27:30 | Build | Watch Tower |
| 27:34 | Queue | Villager (Male) |
| 27:44 | Research | Crossbowman (upgrade) |
| 27:53 | Queue | Mangonel |
| 27:55 | Queue | Villager (Male) |
| 28:21 | Build | Watch Tower |
| 28:23 | Queue | Villager (Male) |
| 28:27 | Queue | Villager (Male) |
| 28:31 | Build | Mining Camp |
| 29:21 | Queue | Spearman |
| 29:21 | Queue | Spearman |
| 29:22 | Queue | Spearman |
| 29:27 | Queue | Villager (Male) |
| 29:28 | Queue | Villager (Male) |
| 30:15 | Queue | Mangonel |
| 30:21 | Queue | Archer |
| 30:21 | Queue | Archer |
| 30:22 | Queue | Villager (Male) |
| 30:22 | Queue | Villager (Male) ×5 |
| 30:26 | Build | House |
| 30:27 | Build | House |
| 30:30 | Build | Mining Camp |
| 30:55 | Queue | Mangonel |
| 31:28 | Research | Bow Saw |
| 32:01 | Build | Castle |
| 33:14 | Build | Stone Wall |
| 33:21 | Queue | Spearman |
| 33:22 | Queue | Spearman |
| 33:22 | Queue | Villager (Male) |
Build order — RockYaFace
127 actions detected in the replay
| 0:01 | Queue | Villager (Male) ×5 |
| 0:02 | Build | House |
| 0:05 | Build | House |
| 1:20 | Queue | Villager (Male) |
| 1:46 | Queue | Villager (Male) |
| 1:46 | Queue | Villager (Male) |
| 2:27 | Queue | Villager (Male) ×2 |
| 2:27 | Queue | Villager (Male) ×2 |
| 2:30 | Research | Loom |
| 2:49 | Queue | Villager (Male) |
| 3:35 | Queue | Villager (Male) |
| 3:35 | Queue | Villager (Male) |
| 4:15 | Build | House |
| 4:39 | Queue | Villager (Male) ×3 |
| 4:39 | Queue | Villager (Male) ×3 |
| 5:02 | Queue | Villager (Male) |
| 5:02 | Queue | Villager (Male) |
| 5:22 | Build | House |
| 6:05 | Queue | Villager (Male) ×4 |
| 7:38 | Build | Town Center |
| 7:44 | Build | Town Center |
| 7:57 | Build | Town Center |
| 8:03 | Build | Palisade Wall |
| 8:08 | Build | Palisade Wall |
| 8:14 | Build | Mill |
| 8:19 | Build | Palisade Wall |
| 8:21 | Build | Palisade Wall |
| 8:31 | Build | Palisade Wall |
| 8:35 | Build | Palisade Wall |
| 11:01 | Queue | Villager (Male) |
| 11:01 | Queue | Villager (Male) |
| 11:40 | Queue | Villager (Male) |
| 11:57 | Build | Barracks |
| 12:04 | Queue | Villager (Male) |
| 12:04 | Queue | Villager (Male) |
| 12:28 | Build | House |
| 12:31 | Queue | Villager (Male) ×2 |
| 12:32 | Queue | Villager (Male) ×2 |
| 12:47 | Queue | Militia |
| 12:47 | Queue | Militia |
| 12:59 | Queue | Villager (Male) |
| 12:59 | Queue | Villager (Male) |
| 13:02 | Build | House |
| 13:27 | Queue | Villager (Male) |
| 13:31 | Queue | Villager (Male) |
| 13:46 | Queue | Villager (Male) |
| 13:46 | Queue | Villager (Male) |
| 13:52 | Queue | Villager (Male) |
| 14:09 | Queue | Villager (Male) |
| 14:09 | Queue | Villager (Male) |
| 15:23 | Build | Lumber Camp |
| 15:51 | Queue | Villager (Male) ×3 |
| 15:51 | Queue | Villager (Male) ×3 |
| 16:16 | Build | Mill |
| 17:20 | Build | Town Center |
| 17:47 | Build | Palisade Gate |
| 17:53 | Build | Palisade Wall |
| 17:55 | Build | Palisade Wall |
| 19:50 | Build | Mill |
| 21:28 | Queue | Villager (Male) |
| 21:28 | Queue | Villager (Male) |
| 21:36 | Build | Farm |
| 21:37 | Build | Farm |
| 21:42 | Queue | Villager (Male) |
| 21:53 | Queue | Villager (Male) |
| 21:56 | Build | Farm |
| 21:58 | Build | Farm |
| 22:06 | Build | Mill |
| 22:08 | Queue | Villager (Male) |
| 22:08 | Queue | Villager (Male) |
| 22:18 | Build | Farm |
| 22:19 | Queue | Villager (Male) |
| 22:19 | Queue | Villager (Male) |
| 22:41 | Build | House |
| 22:48 | Queue | Villager (Male) |
| 23:02 | Build | House |
| 23:09 | Queue | Villager (Male) |
| 23:09 | Queue | Villager (Male) |
| 23:18 | Build | Farm |
| 23:19 | Build | Farm |
| 23:21 | Queue | Villager (Male) |
| 23:21 | Queue | Villager (Male) |
| 23:31 | Build | House |
| 23:37 | Build | Farm |
| 23:37 | Queue | Villager (Male) |
| 23:37 | Queue | Villager (Male) |
| 23:39 | Build | Farm |
| 24:02 | Build | Farm |
| 24:06 | Queue | Villager (Male) |
| 24:21 | Queue | Villager (Male) |
| 24:47 | Research | Feudal Age |
| 24:47 | Research | Feudal Age |
| 25:37 | Build | Mill |
| 25:48 | Build | Mining Camp |
| 26:31 | Build | Mining Camp |
| 26:36 | Queue | Villager (Male) |
| 26:57 | Age | Feudal Age |
| 27:04 | Research | Double-Bit Axe |
| 27:06 | Queue | Villager (Male) |
| 27:32 | Build | Market |
| 27:38 | Queue | Villager (Male) |
| 27:40 | Research | Wheelbarrow |
| 27:57 | Build | Stable |
| 28:05 | Build | Stable |
| 28:15 | Queue | Villager (Male) |
| 28:33 | Queue | Scout Cavalry |
| 28:48 | Queue | Scout Cavalry ×5 |
| 29:08 | Build | Lumber Camp |
| 29:10 | Queue | Scout Cavalry ×2 |
| 29:10 | Queue | Scout Cavalry ×2 |
| 29:17 | Queue | Villager (Male) |
| 29:17 | Queue | Villager (Male) |
| 29:25 | Build | House |
| 29:26 | Build | House |
| 29:27 | Build | House |
| 29:27 | Build | House |
| 29:27 | Build | House |
| 29:27 | Build | House |
| 29:28 | Build | House |
| 29:28 | Build | House |
| 29:28 | Build | House |
| 29:28 | Build | House |
| 30:15 | Queue | Scout Cavalry ×2 |
| 30:30 | Research | Bloodlines |
| 31:33 | Queue | Scout Cavalry |
| 31:33 | Queue | Scout Cavalry |
| 31:33 | Queue | Scout Cavalry |
Match timeline
| 7:44 | Windows97 · wall_segment Palisade Wall x1 |
| 7:49 | Windows97 · wall_segment Palisade Wall x1 |
| 7:54 | Windows97 · wall_segment Palisade Wall x1 |
| 7:55 | Windows97 · wall_segment Palisade Wall x1 |
| 7:56 | Windows97 · wall_segment Palisade Wall x1 |
| 8:01 | Windows97 · wall_segment Palisade Wall x1 |
| 8:03 | RockYaFace · wall_segment Palisade Wall x1 |
| 8:08 | RockYaFace · wall_segment Palisade Wall x1 |
| 8:19 | RockYaFace · wall_segment Palisade Wall x1 |
| 8:21 | RockYaFace · wall_segment Palisade Wall x1 |
| 8:31 | RockYaFace · wall_segment Palisade Wall x1 |
| 8:35 | RockYaFace · wall_segment Palisade Wall x1 |
| 10:12 | Windows97 · first_building Barracks |
| 11:57 | RockYaFace · first_building Barracks |
| 13:56 | Windows97 · age_up feudal |
| 14:44 | Windows97 · first_building Archery Range |
| 17:53 | RockYaFace · wall_segment Palisade Wall x1 |
| 17:55 | RockYaFace · wall_segment Palisade Wall x1 |
| 25:54 | Windows97 · age_up castle |
| 25:56 | Windows97 · first_building Siege Workshop |
| 26:57 | RockYaFace · age_up feudal |
| 27:57 | RockYaFace · first_building Stable |
| 32:01 | Windows97 · first_building Castle |
| 33:14 | Windows97 · wall_segment Stone Wall x24 |
| 34:31 | RockYaFace · resign |
[ AI ANALYSIS · 1 CREDIT ]
What really happened in this match?
Wolo.gg analyzes every decision: build order, eco, micro, common mistakes by bracket. Personalized analysis on WhatsApp or Discord in 30 seconds.
Civ guide
Ethiopians
Perfil
Jugador #2484766